 Dungeon Crawl Stone Soup version 0.28-a0-465-ge2dae52223 (webtiles) character file.

Game seed: 8748036611074532704

16 heikuro the Digger (level 2, -12/19 HPs)
             Began as a Formicid Earth Elementalist on Sept 14, 2021.
             Mangled by Sigmund (16 damage)
             ... on level 2 of the Dungeon.
             The game lasted 00:02:10 (951 turns).

heikuro the Digger (Formicid Earth Elementalist)     Turns: 951, Time: 00:02:10

Health: -12/19     AC:  2    Str: 12    XL:     2   Next: 75%
Magic:  5/5        EV: 12    Int: 14    God:
Gold:   64         SH:  0    Dex: 11    Spells: 4/5 levels left

rFire   . . .      SeeInvis +   f - +0 short sword (drain)
rCold   . . .      Faith    .   (no shield)
rNeg    . . .      Spirit   .   b - +0 robe
rPois   .          Reflect  .   (helmet unavailable)
rElec   .          Harm     .   (no cloak)
rCorr   .          Rampage  .   (no gloves)
Will    .....                   (no boots)
Stlth   ++........              (no amulet)
HPRegen 0.06/turn               (no ring)
MPRegen 0.09/turn               (no ring)

@: no status effects
A: permanent stasis, dig shafts and tunnels, antennae 3, four strong arms
a: Dig, Shaft Self


You were on level 2 of the Dungeon.
You visited 1 branch of the dungeon, and saw 2 of its levels.

You collected 64 gold pieces.

Inventory:

Hand Weapons
 f - a +0 short sword of draining (weapon)
Missiles
 c - 84 stones
Armour
 b - a +0 robe (worn)
Magical Staves
 d - a staff of conjuration
Scrolls
 a - a scroll of immolation {unknown}
 e - a scroll of enchant armour {unknown}


   Skills:
 + Level 0.1 Staves
 + Level 1.9 Dodging
 + Level 2.6 Stealth
 + Level 2.3 Spellcasting
 + Level 0.0 Conjurations
 + Level 1.4 Transmutations
 * Level 4.0 Earth Magic
 + Level 0.0 Evocations


You had 4 spell levels left.
You knew the following spells:

 Your Spells              Type           Power      Damage    Failure   Level
a - Sandblast             Erth           26%        2d8       4%          1

Your spell library contained the following spells:

 Spells                   Type           Power      Damage    Failure   Level
 Passwall                 Tmut/Erth      7%         N/A       12%         2
 Stone Arrow              Conj/Erth      14%        3d7       30%         3
 Petrify                  Tmut/Erth      9%         N/A       58%         4


Dungeon Overview and Level Annotations

Branches:
Dungeon (2/15)

Altars:

Shops:
D:1 *

Annotations:
D:2 Sigmund


Innate Abilities, Weirdness & Mutations

You cannot be hasted, slowed, berserked, paralysed or teleported.
You can dig through walls and to a lower floor.
You have a pair of large antennae on your head. (SInv)
Your four strong arms can wield two-handed weapons with a shield.


Message History

A goblin comes into view. It is wielding a +0 club.
Things that are here:
a +0 dagger; 5 stones; a kobold corpse Sigmund flickers, as though insubstantial.
The goblin unwields a +0 club.
The goblin wields a +0 hunting sling.
The goblin shoots a stone.
The stone closely misses you.
Sigmund hits you with a +4 scythe of flaming.
Sigmund burns you.
* * * LOW HITPOINT WARNING * * *
Things that are here:
a +0 dagger; 5 stones; a kobold corpse You hit Sigmund.
Sigmund is lightly wounded.
The goblin shoots a stone.
The stone misses you.
Unknown command.
You hit Sigmund.
Sigmund is moderately wounded.
Sigmund misses you.
Unknown command.
You completely miss Sigmund.
Sigmund is moderately wounded.
The goblin shoots a stone.
The stone hits you.
* * * LOW HITPOINT WARNING * * *
Sigmund closely misses you.
Unknown command.
You closely miss Sigmund.
Sigmund is moderately wounded.
The goblin shoots a stone.
The stone closely misses you. Sigmund barely misses you.
Unknown command.
You hit Sigmund but do no damage.
Sigmund is moderately wounded.
The goblin shoots a stone.
The stone misses you.
Unknown command.
You completely miss Sigmund.
Sigmund is moderately wounded.
The goblin shoots a stone.
The stone barely misses you.
Sigmund hits you with a +4 scythe of flaming!
Ouch! That really hurt!
You die...

### # #.. { #. #.#
### #. #+# #.#...
#..##.#######.#.##
#..@@...........#
#.##"#####...########
#.# ###...........
#...........######
#g#########.# #.# {
...#.# ..###.###.#.#
..##........#
.>#######.###


You could see Sigmund and a goblin.

Vanquished Creatures
  A dart slug (D:1)
  3 ball pythons (D:1)
  An endoplasm (D:1)
  A giant cockroach (D:1)
  A goblin (D:1)
  2 kobolds (D:2)
  A quokka (D:1)
  A frilled lizard (D:1)
  2 rats (D:1)
13 creatures vanquished.

Notes
Turn   | Place    | Note
-------+----------+-------------------------------------------
     0 | D:1      | heikuro the Formicid Earth Elementalist began the quest for
                  | the Orb.
     0 | D:1      | Reached XP level 1. HP: 13/13 MP: 3/3
   223 | D:1      | Reached XP level 2. HP: 19/19 MP: 3/5
   345 | D:1      | Found Ukkoubucla's Assorted Antiques.
   484 | D:1      | Found a faded altar of an unknown god.
   525 | D:1      | Reached skill level 4 in Earth Magic
   941 | D:2      | Noticed Sigmund
   951 | D:2      | Mangled by Sigmund

Illustrated notes

Levels and vault maps discovered:
D:1:      lemuel_arrival_muddy, layout_rooms,
          hellmonk_ecumenical_altar_crossroads, serial_glass, glass_columns_b,
          glass_columns_a, glass_columns_a, glass_columns_c, glass_columns_b,
          glass_columns_a, serial_shops, nicolae_shop_overgrown_old_shop,
          chequers_arboretum
D:2:      layout_basic, uniq_sigmund

Skill      XL: |  1  2 |
---------------+-------+-----
Earth Magic    | 4 |  4.0
Staves         | |  0.1
Dodging        | |  1.9
Stealth        | |  2.6
Spellcasting   | |  2.3
Transmutations | |  1.4

Action                   || total
-------------------------++-------
Melee: Unarmed           ||     6
       Staff             ||    15
       Short sword       ||     7
 Cast: Sandblast         ||     8
 Stab: Sleeping          ||     1
Armor: Robe              ||     4
Dodge: Dodged            ||    28

Table legend: (Time is in decaauts)
 A = Elapsed time spent in this place.
 B = Non-inter-level travel time spent in this place.
 C = Inter-level travel time spent in this place.
 D = Time resting spent in this place.
 E = Time spent auto-exploring this place.
 F = Levels seen in this place.
 G = Mean time per level.
                   A        B        C        D        E       F      G
               +--------+--------+--------+--------+--------+-----+--------+
         Total |    959 |    919 |     40 |    186 |    503 |   2 |  479.5 |
       Dungeon |    959 |    919 |     40 |    186 |    503 |   2 |  479.5 |
               +--------+--------+--------+--------+--------+-----+--------+

Top non-repeatable levels by time:
     D:1: 888 daAuts
     D:2: 70 daAuts
